 Dungeon Crawl Stone Soup version 0.22-a0-479-gc6e99f3 (webtiles) character file.

6468 vineage the Cleaver (level 10, -3/80 HPs)
             Began as a Demonspawn Fighter on June 14, 2018.
             Was a High Priest of Okawaru.
             Slain by a yak (4 damage)
             ... on level 1 of the Lair of Beasts.
             The game lasted 00:18:23 (10850 turns).

vineage the Cleaver (Demonspawn Fighter)           Turns: 10850, Time: 00:18:24

Health: -3/80      AC: 13    Str: 19    XL:     10   Next: 68%
Magic:  10/10      EV:  2    Int: 14    God:    Okawaru [*****.]
Gold:   279        SH:  0    Dex: 19    Spells: 9/9 levels left

rFire    . . .     SeeInvis .   a - +1 war axe
rCold    + + .     Gourm    .   c - +0 shield
rNeg     + + +     Faith    .   M - +1 chain mail of Wualaten {Dex+4}
rPois    ∞         Spirit   .   (helmet restricted)
rElec    .         Reflect  .   p - scarf {rC+ rF+}
rCorr    .         Harm     .   (no gloves)
MR       .....                  t - +1 pair of boots "Boycoiph" {rPois Int+4}
Stlth    ..........             (no amulet)
HPRegen  0.23/turn              E - ring of poison resistance
MPRegen  0.12/turn              L - ring of ice

@: petrified
A: antennae 1, claws 2, hooves 1, agile 1, powered by pain 1, spiny 1, wild
magic 1
a: Heroism, Finesse, Renounce Religion


You were on level 1 of the Lair of Beasts.
You worshipped Okawaru.
Okawaru was extremely pleased with you.
You were not hungry.

You visited 2 branches of the dungeon, and saw 11 of its levels.
You also visited: Ossuary and Bailey.

You collected 772 gold pieces.
You spent 493 gold pieces at shops.

Inventory:

Hand Weapons
 a - a +1 war axe (weapon)
Armour
 b - a +0 scale mail
 c - a +0 shield (worn)
 g - a +0 helmet
 p - a scarf of resistance (worn)
 t - the +1 pair of boots "Boycoiph" (worn) {rPois Int+4}
   (You bought it in a shop on level 6 of the Dungeon)

   It affects your intelligence (+4).
   It protects you from poison.
 M - the +1 chain mail of Wualaten (worn) {Dex+4}
   (You bought it in a shop on level 6 of the Dungeon)

   It affects your dexterity (+4).
Jewellery
 l - an uncursed ring of wizardry
 m - an uncursed ring of see invisible
 o - an uncursed ring of wizardry
 E - a ring of poison resistance (left claw)
 L - a ring of ice (right claw)
Wands
 d - a wand of polymorph (35)
 n - a wand of iceblast (6)
 q - a wand of flame (52)
 G - a wand of digging (12)
 H - a wand of scattershot (5)
 K - a wand of paralysis (13)
Scrolls
 e - 6 scrolls of enchant weapon
 h - a scroll of noise
 r - 8 scrolls of teleportation
 s - 4 scrolls of blinking
 u - 5 scrolls of magic mapping
 v - 5 scrolls of remove curse
 y - a scroll of fear {unknown}
 A - 6 scrolls of identify
 C - a scroll of amnesia
 N - a scroll of fog {unknown}
Potions
 i - a potion of heal wounds
 j - 2 potions of brilliance
 k - 3 potions of magic
 x - a potion of curing
 z - a potion of resistance
 B - a potion of might
 D - 2 potions of berserk rage {unknown}
 F - 2 potions of agility
 I - a potion of haste {unknown}
 J - a potion of flight {unknown}
 O - 2 potions of ambrosia {unknown}
Miscellaneous
 w - a box of beasts
Comestibles
 f - 19 rations


   Skills:
 + Level 7.9 Fighting
 + Level 11.6 Axes
 + Level 5.7 Armour
 + Level 5.0 Shields
 + Level 0.6 Invocations


You had 9 spell levels left.
You didn't know any spells.
Your spell library was empty.

Dungeon Overview and Level Annotations

Branches:
Dungeon (10/15)            Temple (0/1) D:4            Lair (1/6) D:10
    Orc: D:9-12

Altars:
Ashenzari
Cheibriados
Dithmenos
Fedhas
Okawaru
Qazlal
Trog
Yredelemnul
The Shining One

Shops:
D:6 %[[![   D:9 *


Innate Abilities, Weirdness & Mutations

You have a pair of small antennae on your head.
You have very sharp fingernails.
You have large cloven feet.
You sometimes gain a little power by taking damage.
You are partially covered in sharp spines.
You are agile. (Dex +2)
Your spells are a little harder to cast, but a little more powerful.


Message History

The yak is struck by your spines. The yak gores you but does no damage.
The yak gores you. The yak is struck by your spines. The yak gores you.
* * * LOW HITPOINT WARNING * * *
The basilisk bites you!
* * * LOW HITPOINT WARNING * * *
The yak gores you but does no damage. x2; The yak gores you.
* * * LOW HITPOINT WARNING * * *
The yak is struck by your spines. The yak gores you.
* * * LOW HITPOINT WARNING * * *
The yak gores you!
* * * LOW HITPOINT WARNING * * *
The basilisk gazes at you. The yak gores you but does no damage.
The yak gores you!
* * * LOW HITPOINT WARNING * * *
The yak completely misses you. The yak gores you.
* * * LOW HITPOINT WARNING * * *
The yak is struck by your spines. The yak gores you.
* * * LOW HITPOINT WARNING * * *
The yak is struck by your spines. The yak gores you!
You die...

# ##. ##.. # #
##..####P#.
#.#..........
...#..lY.......
#....YY@.......
###...YYY......
#............
#...##.####...
#... ### ##
#..# ##. #


You could see 6 yaks and a basilisk.

Vanquished Creatures
  An orc knight (Bailey)
  The ghost of KristoblXynda the Ruffian, a novice TrWz of Ashenzari (D:5)
  4 yaks
  3 hogs (D:7)
  A human (D:7)
  A basilisk (D:10)
  3 hungry ghosts
  An acid dragon (D:10)
  2 orc warriors
  A hornet zombie (D:8)
  2 phantoms
  An eye of draining (D:3)
  A sky beast (D:5)
  7 ogres
  2 centaurs
  3 crocodiles (D:10)
  A gnoll sergeant (D:7)
  Blork the orc (D:6)
  3 elf zombies (Ossuary)
  A bullfrog (D:7)
  8 killer bees
  2 scorpions
  A water moccasin skeleton (D:7)
  5 wights (D:9)
  A centaur zombie (D:8)
  3 crimson imps
  3 hounds
  A quasit (D:9)
  An orc priest (D:3)
  Crazy Yiuf (D:2)
  2 jellies
  2 human zombies (Ossuary)
  Natasha (thrice) (D:3)
  2 iguanas
  5 orc wizards
  2 worker ants
  A killer bee zombie (D:8)
  2 big kobold zombies (Ossuary)
  4 mummies (Ossuary)
  A worker ant zombie (D:10)
  12 gnolls
  2 howler monkey skeletons
  11 adders
  A shadow imp (D:8)
  2 oozes
  A worm (D:3)
  3 dart slugs
  5 leopard geckos
  31 orcs
  5 bats
  4 giant cockroaches
  13 goblins
  7 hobgoblins
  12 jackals
  13 kobolds
  7 quokkas
  2 ball pythons
  7 frilled lizards
  A goblin zombie (Ossuary)
  A hobgoblin zombie (Ossuary)
  A jackal zombie (Ossuary)
  An orc zombie (Ossuary)
  6 rats
  A rat zombie (Ossuary)
239 creatures vanquished.

Notes
Turn   | Place    | Note
-------+----------+-------------------------------------------
     0 | D:1      | vineage the Demonspawn Fighter began the quest for the Orb.
     0 | D:1      | Reached XP level 1. HP: 18/18 MP: 1/1
   266 | D:1      | Reached skill level 2 in Axes
   271 | D:1      | Gained mutation: You sometimes gain a little power by taking damage. [demonic ancestry]
   271 | D:1      | Reached XP level 2. HP: 24/24 MP: 2/2
   834 | D:2      | Reached XP level 3. HP: 26/30 MP: 3/3
  1011 | D:2      | Found a runed door.
  1011 | D:2      | Noticed Crazy Yiuf
  1020 | D:2      | Killed Crazy Yiuf
  1020 | D:2      | Reached skill level 3 in Axes
  1020 | D:2      | Gained mutation: You are partially covered in sharp spines. [demonic ancestry]
  1020 | D:2      | Reached XP level 4. HP: 30/37 MP: 4/4
  1154 | D:2      | Found an iron altar of Okawaru.
  1166 | D:2      | Became a worshipper of Warmaster Okawaru
  1381 | D:3      | Found a bloodstained altar of Trog.
  1381 | D:3      | Noticed an eye of draining
  1402 | D:3      | Killed an eye of draining
  1402 | D:3      | Reached skill level 4 in Axes
  1402 | D:3      | Gained mutation: You have large cloven feet. [demonic ancestry]
  1402 | D:3      | Reached XP level 5. HP: 42/42 MP: 0/5
  1426 | D:3      | Noticed an ogre
  1447 | D:3      | Found a faded altar of an unknown god.
  1494 | D:3      | Gained mutation: You have sharp fingernails. [demonic ancestry]
  1494 | D:3      | Reached XP level 6. HP: 38/49 MP: 6/6
  1511 | D:3      | Reached skill level 5 in Axes
  1516 | D:3      | Reached * piety under Okawaru
  1954 | D:3      | Noticed Natasha
  1959 | D:3      | Killed Natasha
  2061 | D:3      | Noticed Natasha
  2067 | D:3      | Killed Natasha
  2265 | D:3      | Noticed Natasha
  2275 | D:3      | Killed Natasha
  2445 | D:4      | Reached skill level 6 in Axes
  2445 | D:4      | Reached XP level 7. HP: 55/55 MP: 7/7
  2531 | D:4      | Found a sand-covered staircase.
  2559 | Ossuary  | Entered an ossuary
  2576 | Ossuary  | Reached skill level 5 in Fighting
  2586 | Ossuary  | Reached ** piety under Okawaru
  2586 | Ossuary  | Reached skill level 7 in Axes
  3317 | D:4      | Found a staircase to the Ecumenical Temple.
  4199 | D:5      | Entered Level 5 of the Dungeon
  4210 | D:5      | Noticed KristoblXynda's ghost (novice TrWz)
  4224 | D:5      | Killed KristoblXynda's ghost
  4224 | D:5      | Reached skill level 8 in Axes
  4224 | D:5      | Gained mutation: You have very sharp fingernails. [demonic ancestry]
  4224 | D:5      | Reached XP level 8. HP: 36/64 MP: 6/8
  5017 | D:6      | Noticed Blork the orc
  5027 | D:6      | Killed Blork the orc
  5027 | D:6      | Reached skill level 9 in Axes
  5029 | D:6      | Found Jazab's Antique Armour Shoppe.
  5038 | D:6      | Gained mutation: Your spells are a little harder to cast, but a little more powerful. [potion of mutation]
  5038 | D:6      | Gained mutation: You are agile. (Dex +2) [potion of mutation]
  5047 | D:6      | Found Laothrom's Distillery.
  5051 | D:6      | Bought a pair of faintly humming boots for 180 gold pieces
  5071 | D:6      | Found Jool Vea's Antique Armour Emporium.
  5092 | D:6      | Found Faluissieg's Antique Armour Shop.
  5122 | D:6      | Identified the +1 pair of boots "Boycoiph" {rPois Int+4} (You bought it in a shop on level 6 of the Dungeon)
  5439 | D:6      | Found Iguwisk's Food Shoppe.
  5656 | D:7      | Found a flagged portal.
  5671 | Bailey   | Entered a bailey
  5676 | Bailey   | Noticed an orc warlord
  6036 | Bailey   | Found a runed gate.
  6038 | Bailey   | Found a runed gate.
  6039 | Bailey   | Found a runed gate.
  6066 | Bailey   | Noticed an orc knight
  6096 | Bailey   | Killed an orc knight
  6096 | Bailey   | Reached *** piety under Okawaru
  6096 | Bailey   | Reached XP level 9. HP: 59/70 MP: 7/9
  6504 | D:7      | Found a stormy altar of Qazlal.
  6604 | D:7      | Reached skill level 10 in Axes
  7322 | D:7      | Found a shadowy altar of Dithmenos.
  7328 | D:7      | Found a stormy altar of Qazlal.
  7392 | D:7      | Reached **** piety under Okawaru
  7812 | D:7      | Found a snail-covered altar of Cheibriados.
  7813 | D:7      | Found a shattered altar of Ashenzari.
  7813 | D:7      | Found a basalt altar of Yredelemnul.
  8176 | D:8      | Gained mutation: You have a pair of small antennae on your head. [demonic ancestry]
  8176 | D:8      | Reached XP level 10. HP: 71/79 MP: 10/10
  8189 | D:8      | Found a glowing golden altar of the Shining One.
  8351 | D:8      | Reached skill level 11 in Axes
  8539 | D:9      | Reached ***** piety under Okawaru
  8840 | D:9      | Found Lewnas's Demolitions Depot.
  9039 | D:9      | Reached skill level 5 in Armour
  9450 | D:6      | Bought a translucent chain mail for 313 gold pieces
  9460 | D:6      | Identified the +1 chain mail of Wualaten {Dex+4} (You bought it in a shop on level 6 of the Dungeon)
  9681 | D:10     | Entered Level 10 of the Dungeon
  9728 | D:10     | Found a blossoming altar of Fedhas.
 10096 | D:10     | Reached skill level 5 in Shields
 10466 | D:10     | Found a staircase to the Lair.
 10836 | Lair:1   | Entered Level 1 of the Lair of Beasts
 10849 | Lair:1   | HP: 4/80 [yak (6)]
 10849 | Lair:1   | HP: 1/80 [yak (2)]
 10850 | Lair:1   | Slain by a yak

Vault maps used:
D:1:      ncdulo_wetmaze
D:2:      kennysheep_okawaru_gauntlet, minmay_cut_off, uniq_crazy_yiuf_cottage
D:3:      trog_eyes_of_draining, chequers_ecumenical_altar_simple, minivault_4,
          kennysheep_generic_room_2, uniq_natasha
D:4:      minmay_temple_entry_butterflies, enter_ossuary_1
D:5:      first_ration
D:6:      serial_shops, shop, shop, shop, shop_coins, kennysheep_mini,
          uniq_blork_the_orc
D:7:      minitemple, lightli_bailey_entry_fortress, minmay_misc_feat_rows,
          grunt_livestock, grunt_qazlal_clouds
D:8:      tso_oasis_becter, serial_park_tiny_pond
D:9:      nicolae_blasting_shop
D:10:     erik_lair_dragon, fedhas_altar_1
Lair:1:   minmay_lair_oklob_chamber
Ossuary:  ossuary_minmay_tomb_2a
Bailey:   bailey_axe_bossmonster_kennysheep, bailey

Skill      XL: |  1  2  3  4  5  6  7  8  9 10 |
---------------+-------------------------------+-----
Axes           | 2 3 4 6 8 9 10 11 | 11.6
Fighting       | 4 5 6 7 |  7.9
Armour         | 3 4 5 |  5.7
Shields        | 3 4 5 |  5.0
Invocations    | |  0.6

Action                   |  1- 3 |  4- 6 |  7- 9 | 10-12 || total
-------------------------+-------+-------+-------+-------++-------
Melee: War axe           |    91 |    82 |   323 |   208 ||   704
       Unarmed           |     4 |       |       |       ||     4
       Kick              |       |    16 |    34 |       ||    50
Invok: Heroism           |       |       |     5 |     1 ||     6
  Use: Scroll            |     7 |     3 |     7 |       ||    17
       Potion            |     2 |       |    10 |     2 ||    14
  Eat: Chunk             |       |     5 |    11 |     4 ||    20
       Ration            |       |       |     2 |     6 ||     8
Armor: Scale mail        |    42 |    30 |   106 |    67 ||   245
       Skin              |       |       |    41 |       ||    41
       Chain mail        |       |       |       |    36 ||    36
Dodge: Dodged            |    22 |    23 |    88 |    52 ||   185
Block: Shield            |    40 |    48 |   186 |    75 ||   349

Table legend:
 A = Spawn XP
 B = Non-spawn XP
 C = Spawn XP percentage of total XP
 D = Spawn monster count
 E = Non-spawn monster count
 F = Spawn count percentage of total count
 G = Total turns spent on level
                    A         B        C        D         E        F      G
               +---------+---------+-------+---------+---------+-------+---------
         Total |       0 |    9240 |   0.0 |       0 |     239 |   0.0 | 10850
               +---------+---------+-------+---------+---------+-------+---------
           D:1 |       0 |      39 |   0.0 |       0 |      19 |   0.0 |   827
           D:2 |       0 |     107 |   0.0 |       0 |      22 |   0.0 |   488
           D:3 |       0 |     488 |   0.0 |       0 |      34 |   0.0 |  1118
           D:4 |       0 |     251 |   0.0 |       0 |      14 |   0.0 |  1332
           D:5 |       0 |     702 |   0.0 |       0 |       8 |   0.0 |   698
           D:6 |       0 |     247 |   0.0 |       0 |       4 |   0.0 |   751
           D:7 |       0 |    1712 |   0.0 |       0 |      38 |   0.0 |  1848
           D:8 |       0 |    1155 |   0.0 |       0 |      21 |   0.0 |   630
           D:9 |       0 |    2133 |   0.0 |       0 |      28 |   0.0 |  1071
          D:10 |       0 |    1050 |   0.0 |       0 |      15 |   0.0 |  1155
       Ossuary |       0 |     498 |   0.0 |       0 |      16 |   0.0 |   434
        Bailey |       0 |     858 |   0.0 |       0 |      20 |   0.0 |   484
               +---------+---------+-------+---------+---------+-------+---------
